 Dungeon Crawl Stone Soup version 0.27.1-33-g824d729ab1 (webtiles) character file.

Game seed: 3089657962916704437

88 Soil the Skirmisher (level 4, -3/37 HPs)
             Began as a Human Fighter on Dec 22, 2021.
             Killed from afar by Ijyb (6 damage)
             ... with an iceblast
             ... on level 3 of the Dungeon.
             The game lasted 00:19:01 (2052 turns).

Soil the Skirmisher (Human Fighter)                 Turns: 2052, Time: 00:19:02

Health: -3/37      AC:  5    Str: 17    XL:     4   Next: 81%
Magic:  4/4        EV:  8    Int:  8    God:
Gold:   57         SH:  9    Dex: 13    Spells: 3/3 levels left

rFire    . . .     SeeInvis .   a - +0 war axe
rCold    . . .     Faith    .   c - +0 kite shield
rNeg     . . .     Spirit   .   e - +0 ring mail
rPois    .         Reflect  .   (no helmet)
rElec    .         Harm     .   (no cloak)
rCorr    .         Rampage  .   (no gloves)
Will     .....                  (no boots)
Stlth    +.........             (no amulet)
HPRegen  0.12/turn              (no ring)
MPRegen  0.09/turn              (no ring)

@: no status effects
A: no striking features
a: no special abilities


You were on level 3 of the Dungeon.
You visited 1 branch of the dungeon, and saw 3 of its levels.

You collected 57 gold pieces.

Inventory:

Hand Weapons
 a - a +0 war axe (weapon)
Missiles
 g - 27 bolts
Armour
 b - a +0 scale mail
 c - a +0 kite shield (worn)
 e - a +0 ring mail (worn)
 k - a +0 leather armour
Scrolls
 f - 2 scrolls of identify {unknown}
 h - a scroll of noise {unknown}
 i - 3 scrolls of acquirement {unknown}
 j - a scroll of fear {unknown}
Potions
 d - a potion of might
 l - a potion of heal wounds {unknown}


   Skills:
 * Level 3.8 Fighting
 + Level 2.5 Axes
 + Level 3.4 Armour
 + Level 1.1 Dodging
 + Level 3.5 Shields


You had 3 spell levels left.
You didn't know any spells.
Your spell library contained the following spells:

 Spells                   Type           Power      Damage    Failure   Level
 Corona                   Hex            0%         N/A       98%         1
 Ensorcelled Hibernation  Hex/Ice        0%         N/A       99%         2
 Tukima's Dance           Hex            0%         N/A       100%        3


Dungeon Overview and Level Annotations

Branches:
Dungeon (3/15)

Altars:

Shops:
D:2 =

Annotations:
D:3 Ijyb


Message History

You hit the worm.
You kill the worm!
A rat comes into view.
The rat barely misses you.
You closely miss the rat. The rat closely misses you.
The rat bites you but does no damage.
You hit the rat.
You kill the rat!
You see here a rat corpse.
Found a coppery potion.
l - a coppery potion A giant cockroach comes into view.
You closely miss the giant cockroach. The giant cockroach barely misses you.
You block the giant cockroach's attack.
You hit the giant cockroach.
You kill the giant cockroach!
You see here a rat corpse.
A giant cockroach comes into view.
A giant cockroach is nearby!
The giant cockroach bites you but does no damage.
The giant cockroach bites you.
You hit the giant cockroach.
You kill the giant cockroach!
You see here a giant cockroach corpse.
A kobold comes into view. It is wielding a +0 club.
The kobold shouts!
Ijyb the Twisted Goblin comes into view.
She is wielding a +0 dagger and carrying a wand of iceblast (5).
Ijyb shouts!
The kobold hits you with a +0 club.
Ijyb moves out of view.
You hit the kobold.
You kill the kobold!
An orc comes into view. It is wielding a +0 whip.
A hobgoblin comes into view.
The hobgoblin shouts!
The orc shouts!
You see here a +0 club.
Ijyb zaps a wand.
The mass of ice explodes!
The iceblast engulfs you!
Ijyb zaps a wand.
The mass of ice explodes!
The iceblast engulfs you!!
* * * LOW HITPOINT WARNING * * *
Ijyb zaps a wand.
The mass of ice explodes!
The iceblast engulfs you.
You die...

#........#♣♣.♣♣#.....#
#######...........#..######..
#.##♣♣.♣♣#.##.......... #.#
♣.♣ ####.#######.. #.###....#
#..####### #†.# #..# #.@#
#..# #..# #..# #..# #og# #.g#
#).# #..#


You could see Ijyb, an orc and a hobgoblin.

Vanquished Creatures
  A hound (D:3)
  2 adders (D:2)
  A worm (D:3)
  A dart slug (D:2)
  A bat (D:1)
  4 giant cockroaches
  5 hobgoblins
  4 jackals
  A quokka (D:2)
  2 ball pythons
  A frilled lizard (D:1)
  5 goblins (D:2)
  2 kobolds
  3 rats
33 creatures vanquished.

Vanquished Creatures (others)
  A fungus (D:1)
1 creature vanquished.

Grand Total: 34 creatures vanquished

Notes
Turn   | Place    | Note
-------+----------+-------------------------------------------
     0 | D:1      | Soil the Human Fighter began the quest for the Orb.
     0 | D:1      | Reached XP level 1. HP: 18/18 MP: 1/1
   230 | D:1      | Reached XP level 2. HP: 24/24 MP: 2/2
   269 | D:1      | Found a faded altar of an unknown god.
   399 | D:1      | Reached XP level 3. HP: 4/29 MP: 3/3
   753 | D:2      | Found Mennon's Jewellery Emporium.
  1522 | D:2      | Reached XP level 4. HP: 7/36 MP: 4/4
  1898 | D:3      | Reached skill level 1 in Dodging
  2042 | D:3      | Noticed Ijyb
  2052 | D:3      | Killed from afar by Ijyb

Illustrated notes

Levels and vault maps discovered:
D:1:      dpeg_arrival_prison, layout_basic, hellmonk_ecumenical_altar_zigzags
D:2:      layout_rooms, serial_shops, shop, serial_bayou_pond_d,
          lightli_corner_chamber
D:3:      layout_loops_ring, minmay_tree_intersection, uniq_ijyb

Skill      XL: |  1  2  3  4 |
---------------+-------------+-----
Dodging        | 1 |  1.1
Fighting       | |  3.8
Axes           | |  2.5
Armour         | |  3.4
Shields        | |  3.5

Action                   |  1- 3 |  4- 6 || total
-------------------------+-------+-------++-------
Melee: War axe           |    62 |    16 ||    78
Armor: Ring mail         |    34 |     4 ||    38
       Scale mail        |     2 |       ||     2
Dodge: Dodged            |    30 |     5 ||    35
Block: Kite shield       |    47 |     7 ||    54
